 Dungeon Crawl Stone Soup version 0.25.0-9-g26727b657a (webtiles) character file.

Game seed: 1019096728591622356

217 Lanoc the Chiller (level 5, -1/35 HPs)
             Began as a Merfolk Ice Elementalist on June 17, 2020.
             Was a Follower of Nemelex Xobeh.
             Slain by an ogre
             ... wielding a +0 giant spiked club
              (27 damage)
             ... on level 4 of the Dungeon.
             The game lasted 00:05:03 (3421 turns).

Lanoc the Chiller (Merfolk Ice Elementalist)        Turns: 3421, Time: 00:05:04

Health: -1/35      AC:  2    Str:  8    XL:     5   Next: 94%
Magic:  1/8        EV: 15    Int: 15    God:    Nemelex Xobeh [*.....]
Gold:   137        SH:  0    Dex: 15    Spells: 4/8 levels left

rFire    . . .     SeeInvis .   h - +1 dagger (speed)
rCold    . . .     Gourm    .   (no shield)
rNeg     . . .     Faith    .   a - +0 robe
rPois    .         Spirit   .   (no helmet)
rElec    .         Reflect  .   (no cloak)
rCorr    +         Harm     .   (no gloves)
MR       .....                  (no boots)
Stlth    ++........             (no amulet)
HPRegen  0.11/turn              b - ring of resist corrosion
MPRegen  0.11/turn              (no ring)

@: frozen ramparts, very slightly contaminated
A: change form in water, swift swim, stealthy swim
a: Draw Escape, Draw Destruction, Draw Summoning, Renounce Religion


You were on level 4 of the Dungeon.
You worshipped Nemelex Xobeh.
Nemelex Xobeh was aware of your devotion.
You were very hungry.

You visited 1 branch of the dungeon, and saw 4 of its levels.

You collected 137 gold pieces.

Inventory:

Hand Weapons
 h - a +1 dagger of speed (weapon)
Armour
 a - a +0 robe (worn)
Jewellery
 b - a ring of resist corrosion (left hand)
Scrolls
 d - 2 scrolls of remove curse {unknown}
 e - 5 scrolls of identify {unknown}
 g - a scroll of magic mapping {unknown}
 i - 3 scrolls of teleportation {unknown}
 j - 2 scrolls of random uselessness {unknown}
 m - a scroll of fear {unknown}
 p - a scroll of enchant armour {unknown}
Potions
 f - a potion of curing {unknown}
 k - a potion of stabbing {unknown}
 l - 3 potions of lignification {unknown}
 n - a potion of haste {unknown}
 o - a potion of heal wounds {unknown}
Comestibles
 c - 6 rations


   Skills:
 + Level 4.8 Dodging
 - Level 2.1 Stealth
 - Level 2.0 Spellcasting
 * Level 6.6 Ice Magic
 + Level 1.1 Invocations


You had 4 spell levels left.
You knew the following spells:

 Your Spells              Type           Power        Failure   Level  Hunger
a - Freeze                Ice            ###.         1%          1    #......
b - Frozen Ramparts       Ice            ###...       4%          3    ###....

Your spell library contained the following spells:

 Spells                   Type           Power        Failure   Level  Hunger
 Ozocubu's Armour         Chrm/Ice       ##......     17%         3    ###....
 Hailstorm                Conj/Ice       ##......     50%         4    #####..
 Summon Ice Beast         Ice/Summ       ##......     50%         4    #####..


Dungeon Overview and Level Annotations

Branches:
Dungeon (4/15)
 Temple: D:4-7

Altars:
Nemelex Xobeh
Qazlal


Message History

You are feeling very hungry.
The wall freezes the howler monkey but do no damage.
The wall freezes the jackal.
You kill the jackal!
You hit the worm.
You kill the worm!
The wall freezes the howler monkey.
The howler monkey hoots and howls with incredible vigour!
The wall freezes the ogre.
You hear an angry hiss.
You hit the ogre.
The ogre is heavily wounded.
The wall freezes the howler monkey.
You hit the ogre.
The ogre is heavily wounded.
The wall freezes the ogre.
The ogre hits you with a +0 giant spiked club!!
Ouch! That really hurt!
You die...
Your body disappears without a glow.

#..................
#†.................
#.................
#††.............#..
##...........?....
##.>...#.....###
#########Zh## #O##
#@# #.?.# #..)#
#.... #....# #...##
#...# #...#


You could see an ogre, a howler monkey (catching breath) and a howler monkey
skeleton.

Vanquished Creatures
  An ogre (D:2)
  A hound (D:4)
  An adder (D:3)
  A shadow imp (D:3)
  3 worms
  3 leopard geckos
  An orc (D:3)
  9 bats
  7 giant cockroaches
  2 hobgoblins
  6 jackals (D:4)
  9 kobolds
  8 frilled lizards
  13 goblins
  7 rats
72 creatures vanquished.

Notes
Turn   | Place    | Note
-------+----------+-------------------------------------------
     0 | D:1      | Lanoc the Merfolk Ice Elementalist began the quest for the
                  | Orb.
     0 | D:1      | Reached XP level 1. HP: 13/13 MP: 3/3
   391 | D:1      | Reached XP level 2. HP: 17/19 MP: 3/5
   833 | D:1      | Reached skill level 5 in Ice Magic
   913 | D:1      | Reached XP level 3. HP: 24/24 MP: 4/6
  1329 | D:2      | Noticed an ogre
  1350 | D:1      | Learned a level 3 spell: Frozen Ramparts
  1637 | D:2      | Found a stormy altar of Qazlal.
  1681 | D:2      | Killed an ogre
  1681 | D:2      | Reached skill level 6 in Ice Magic
  1681 | D:2      | Reached XP level 4. HP: 10/30 MP: 3/7
  1681 | D:2      | Reached XP level 5. HP: 11/35 MP: 3/8
  2502 | D:2      | Found a faded altar of an unknown god.
  2508 | D:2      | Became a worshipper of Nemelex Xobeh the Trickster
  2508 | D:2      | Received a gift from Nemelex Xobeh
  2508 | D:2      | Reached * piety under Nemelex Xobeh
  3392 | D:4      | Noticed an ogre
  3398 | D:4      | Reached skill level 1 in Invocations
  3421 | D:4      | Slain by an ogre

Illustrated notes

Levels and vault maps discovered:
D:1:      scummos_arrival_forest, layout_loops_cross, st_stairs_4,
          minmay_close_crescents
D:2:      layout_rooms, overflow_temple_1_default,
          chequers_ecumenical_altar_lobes
D:3:      layout_rooms
D:4:      layout_rooms, lightli_temple_of_fire, first_ration,
          grunt_decor_resistance

Skill      XL: |  1  2  3  4  5 |
---------------+----------------+-----
Dodging        | 3 4 |  4.8
Ice Magic      | 5 6 |  6.6
Invocations    | 1 |  1.1
Stealth        | |  2.1
Spellcasting   | |  2.0

Action                   |  1- 3 |  4- 6 || total
-------------------------+-------+-------++-------
Melee: Unarmed           |     4 |       ||     4
       Dagger            |    30 |    79 ||   109
 Cast: Freeze            |    46 |     2 ||    48
       Frozen Ramparts   |     2 |    11 ||    13
 Stab: Sleeping          |     1 |     3 ||     4
  Eat: Chunk             |     1 |     5 ||     6
       Ration            |     1 |       ||     1
Armor: Robe              |     7 |    11 ||    18
Dodge: Dodged            |    49 |    73 ||   122
